 Dungeon Crawl Stone Soup version 0.31.0-4-g52a2dc7128 (webtiles) character file.

Game seed: 18069920957019044138

599 mtoz the Trooper (level 7, -3/62 HPs)
             Began as a Minotaur Fighter on Jan 21, 2024.
             Slain by a gnoll
             ... wielding a +0 spear
              (6 damage)
             ... on level 4 of the Dungeon on Jan 22, 2024.
             The game lasted 00:06:31 (2038 turns).

mtoz the Trooper (Minotaur Fighter)                 Turns: 2038, Time: 00:06:32

Health: -3/62      AC: 12    Str: 23    XL:     7   Next: 17%
Magic:  6/6        EV:  6    Int:  5    God:
Gold:   176        SH:  5    Dex:  9    Spells: 6/6 levels left

rFire   . . .        a - +0 war axe
rCold   . . .        c - +0 buckler
rNeg    . . .        k - +0 plate armour
rPois   .            (helmet restricted)
rElec   .            (no cloak)
rCorr   .            (no gloves)
SInv    .            (no boots)
Will    .....        (no amulet) Stlth
                     (no ring)
HPRegen 0.30/turn    (no ring)
MPRegen 0.10/turn

%: no passive effects
@: no status effects
A: horns 2, retaliatory headbutt
a: no special abilities


You were on level 4 of the Dungeon.
You visited 1 branch of the dungeon, and saw 4 of its levels.

You collected 176 gold pieces.

Inventory:

Hand Weapons
 a - a +0 war axe (weapon)
 s - a +1 scythe of freezing
Missiles
 h - 3 silver javelins (quivered)
Armour
 b - a +0 scale mail
 c - a +0 buckler (worn)
 i - a +0 chain mail
 k - a +0 plate armour (worn)
 o - a scarf of shadows
Scrolls
 f - 3 scrolls of identify {unknown}
 g - 3 scrolls of fog {unknown}
 l - a scroll of teleportation {unknown}
 m - a scroll of revelation {unknown}
 q - a scroll of enchant armour {unknown}
Potions
 e - a potion of attraction {unknown}
 j - 2 potions of haste {unknown}
 n - a potion of magic {unknown}
 p - a potion of curing {unknown}
 r - a potion of invisibility {unknown}


   Skills:
 + Level 5.7 Fighting
 + Level 5.0 Axes
 + Level 1.4 Throwing
 + Level 5.7 Armour
 + Level 5.7 Shields


You had 6 spell levels left.
You didn't know any spells.
Your spell library contained the following spells:

 Spells                   Type           Power      Damage    Failure   Level
 Apportation              Tloc           0%         N/A       100%        1
 Freeze                   Ice            0%         1d3       100%        1
 Jinxbite                 Hex            0%         N/A       100%        2
 Alistair's Intoxication  Alch           0%         N/A       100%        5
 Conjure Ball Lightning   Conj/Air       0%         3x3d6     100%        6
 Discord                  Hex            0%         N/A       100%        8
 Disjunction              Tloc           0%         N/A       100%        8


Dungeon Overview and Level Annotations

Branches:
Dungeon (4/15)
 Temple: D:4-7

Altars:
Xom


Innate Abilities, Weirdness & Mutations

You have a pair of horns on your head.
You reflexively headbutt those who attack you in melee.


Message History

* * * LOW HITPOINT WARNING * * *
The gnoll hits you but does no damage.
Your Axes skill increases to level 5!
Your Throwing skill increases to level 1!
You have reached level 7!
You miss Dowan.
Dowan is severely wounded.
Dowan hits you but does no damage.
Dowan hits you with a +4 vampiric dagger!
* * * LOW HITPOINT WARNING * * *
The gnoll hits you from afar with a +0 spear.
* * * LOW HITPOINT WARNING * * *
You barely miss Dowan. You headbutt Dowan.
Dowan is almost dead.
Dowan hits you but does no damage. You block the gnoll's attack.
Dowan hits you but does no damage.
You barely miss Dowan.
Dowan is almost dead.
Dowan hits you with a +4 vampiric dagger.
* * * LOW HITPOINT WARNING * * *
Dowan draws strength from your wounds! You block the gnoll's attack.
Dowan hits you with a +4 vampiric dagger.
* * * LOW HITPOINT WARNING * * *
You closely miss Dowan.
Dowan is severely wounded.
Dowan hits you with a +4 vampiric dagger.
* * * LOW HITPOINT WARNING * * *
The gnoll barely misses you.
Dowan gestures wildly while chanting.
Dowan blinks!
The gnoll hits you but does no damage.
You hit Dowan but do no damage. You headbutt Dowan.
You kill Dowan!
The gnoll hits you but does no damage.
A gnoll is nearby!
Things that are here:
a +4 vampiric dagger; a +2 robe of willpower; the elf corpse of Dowan
Okay, then.
The gnoll attacks as it pursues you!
The gnoll hits you from afar with a +0 spear.
You die...

###############
#.......@.....#
#.......#####.#
#.#####g#####.####
#......).........#
#.#####.#####.##.#
#.....))# #.##.#
......... ..##.#
#.##.##### #####>#
#. #.>.#


You could see a gnoll.

Vanquished Creatures
  Sigmund (D:4)
  Edmund (D:4)
  Duvessa (D:4)
  Dowan (D:4)
  A bombardier beetle (D:4)
  Natasha (twice) (D:4)
  3 gnolls (D:4)
  3 adders
  2 dart slugs
  A ribbon worm (D:3)
  4 endoplasms
  2 giant cockroaches
  5 goblins
  6 hobgoblins
  A quokka (D:2)
  6 ball pythons
  2 bats
  5 frilled lizards
  7 kobolds
  4 rats
58 creatures vanquished.

Notes
Turn   | Place    | Note
-------+----------+-------------------------------------------
     0 | D:1      | mtoz the Minotaur Fighter began the quest for the Orb.
     0 | D:1      | Reached XP level 1. HP: 19/19 MP: 0/0
   183 | D:1      | Reached XP level 2. HP: 26/27 MP: 1/1
   757 | D:2      | Reached XP level 3. HP: 33/33 MP: 2/2
  1331 | D:3      | Found a faded altar of an unknown god.
  1335 | D:3      | Got Plato's Parchment of Frostbite
  1561 | D:4      | Reached XP level 4. HP: 40/40 MP: 3/3
  1640 | D:4      | Noticed Sigmund
  1651 | D:4      | Killed Sigmund
  1652 | D:4      | Reached XP level 5. HP: 24/47 MP: 4/4
  1760 | D:4      | Noticed Edmund
  1760 | D:4      | Noticed Natasha
  1767 | D:4      | Killed Edmund
  1768 | D:4      | Reached skill level 5 in Fighting
  1768 | D:4      | Reached skill level 5 in Armour
  1768 | D:4      | Reached skill level 5 in Shields
  1768 | D:4      | Reached XP level 6. HP: 43/56 MP: 5/5
  1776 | D:4      | Killed Natasha
  1840 | D:4      | Found a shimmering altar of Xom.
  1846 | D:4      | Noticed Natasha
  1859 | D:4      | Killed Natasha
  2014 | D:4      | Noticed Duvessa
  2016 | D:4      | Noticed Dowan
  2029 | D:4      | Killed Duvessa
  2030 | D:4      | Reached skill level 5 in Axes
  2030 | D:4      | Reached skill level 1 in Throwing
  2030 | D:4      | Reached XP level 7. HP: 17/62 MP: 6/6
  2033 | D:4      | HP: 2/62 [Dowan/+4 vampiric dagger (3)]
  2034 | D:4      | Killed Dowan
  2038 | D:4      | Slain by a gnoll

Illustrated notes

Levels and vault maps discovered:
D:1:      heliophobic_arrival_enchanted_forest, layout_loops_cross,
          hangedman_decor_points
D:2:      layout_rooms, minmay_misc_feat_rows, chequers_serial_rivers_room_b,
          st_stairs_14, minivault_11
D:3:      layout_loops_cross, shapermc_ecumenical_altar_rom_forum,
          chequers_decorated_corner
D:4:      layout_loops_cross, mainiacjoe_overflow_catwalk,
          minmay_temple_entry_fiery, grunt_ministairs_4, uniq_sigmund,
          uniq_edmund, uniq_natasha, uniq_duvessa

Skill      XL: |  1  2  3  4  5  6 |
---------------+-------------------+-----
Fighting       | 4 5 |  5.7
Armour         | 4 5 |  5.7
Shields        | 4 5 |  5.7
Axes           | 3 4 5 |  5.0
Throwing       | 1 |  1.4

Action                     |  1- 3 |  4- 6 |  7- 9 || total
---------------------------+-------+-------+-------++-------
  Melee: War axe           |    86 |    50 |     5 ||   141
         Headbutt          |     9 |     6 |     2 ||    17
    Use: Potion            |       |     2 |       ||     2
 Armour: Scale mail        |    15 |       |       ||    15
         Chain mail        |    10 |       |       ||    10
         Plate armour      |    29 |    67 |    11 ||   107
  Dodge: Dodged            |    32 |    25 |     1 ||    58
  Block: Buckler           |    22 |    11 |     2 ||    35
